 Dungeon Crawl Stone Soup version 0.17.0-15-g6d90897 (webtiles) character file.

1335 HungrySpirit the Insei (level 8, 0/59 HPs)
             Began as a Black Draconian Transmuter on Nov 10, 2015.
             Killed by nerve-wracking pain
             ... invoked by an orc priest
              (8 damage)
             ... on level 5 of the Dungeon.
             The game lasted 00:15:00 (6176 turns).

HungrySpirit the Insei (Black Draconian Transmuter) Turns: 6176, Time: 00:15:00

Health: 0/59       AC:  2    Str: 12    XL:     8   Next: 35%
Magic:  9/14       EV: 19    Int: 16    God:
Gold:   211        SH:  0    Dex: 17    Spells: 5 memorised, 0 levels left

rFire  . . .     SeeInvis .       - Unarmed
rCold  . . .     Clarity  .     (armour unavailable)
rNeg   . . .     SustAt   .     (shield currently unavailable)
rPois  x         Gourm    .     (helmet currently unavailable)
rElec  .         Spirit   .     (cloak currently unavailable)
rCorr  .         Warding  .     (gloves currently unavailable)
rMut   .         Stasis   .     (boots currently unavailable)
MR     .....                    (no amulet)
Stlth  ++........               (no ring)
                                (no ring)

@: spider-form, not resistant to hostile enchantments, unstealthy
A: (breathe lightning), unfitting armour, (electricity resistance),
(cold-blooded), AC +6
a: End Transformation


You were on level 5 of the Dungeon.
You were not hungry.
You were a venomous arachnid creature.
You visited 1 branch of the dungeon, and saw 5 of its levels.

You collected 211 gold pieces.

Inventory:

Missiles
 a - 22 arrows
Armour
 k - a +0 cloak (melded)
Scrolls
 f - 6 scrolls of identify {unknown}
 h - 2 scrolls of teleportation {unknown}
 i - a scroll of noise {unknown}
 j - 4 scrolls of remove curse {unknown}
 l - a scroll of enchant weapon {unknown}
 m - a scroll of enchant armour {unknown}
 t - a scroll of amnesia {unknown}
Potions
 d - 2 potions of ambrosia {unknown}
 e - a potion of might {unknown}
 o - a potion of magic {unknown}
 p - 3 potions of poison {unknown}
 r - a potion of brilliance {unknown}
 s - a potion of haste {unknown}
 v - a potion of invisibility {unknown}
Books
 b - a book of Changes

   Spells                             Type                      Level
   a - Beastly Appendage              Transmutation                1
   b - Sticks to Snakes               Transmutation                2
   c - Spider Form                    Transmutation/Poison         3
   d - Ice Form                       Ice/Transmutation            4
   e - Blade Hands                    Transmutation                5
Comestibles
 c - 2 bread rations
 g - 3 meat rations
 n - 4 chunks of flesh
 u - a beef jerky


   Skills:
 - Level 1.1 Fighting
 - Level 1.7 Dodging
 * Level 7.0 Unarmed Combat
 + Level 4.3 Spellcasting
 * Level 6.3 Transmutations
 + Level 2.5 Ice Magic


You couldn't memorise any spells.
You knew the following spells:

 Your Spells              Type           Power        Failure   Level  Hunger
a - Beastly Appendage     Trmt           ###...       6%          1    None
b - Sticks to Snakes      Trmt           ###.......   8%          2    ##.....
c - Spider Form           Trmt/Pois      ##........   32%         3    ###....
d - Ice Form              Ice/Trmt       ###.....     50%         4    ####...
e - Blade Hands           Trmt           ###.......   61%         5    ######.


Dungeon Overview and Level Annotations

Branches:
Dungeon (5/15)
 Temple: D:4-7

Altars:
Ashenzari
Gozag
Nemelex Xobeh
Ru
Trog
Vehumet
Xom


Innate Abilities, Weirdness & Mutations

((You can breathe wild blasts of lightning.))
((Your glossy black scales are hard (AC +6).))
Your body does not fit into most forms of armour.
((You are resistant to electric shocks.))
((You are cold-blooded and may be slowed by cold attacks.))


Message History

The orc priest miscasts a cantrip.
You hit the orc priest.
The orc priest is poisoned.
The orc priest is severely wounded.
Your ball python barely misses the orc.
Your ball python closely misses the orc.
The orc priest misses you.
Unknown command.
You hit the orc priest.
You kill the orc priest!
Your Unarmed Combat skill increases to level 7!
The orc completely misses you.
Your ball python barely misses the orc.
Your ball python grabs the orc.
Your ball python constricts the orc.
Unknown command.
You hit the orc.
The orc is poisoned.
The orc is severely wounded.
You kill the orc!
Unknown command.
The orc priest mumbles some strange prayers to Beogh against you.
Pain shoots through your body!
You die...

########...##
##'########....
##.....###.........#....
##.#...#.##....####[#....
##.8.8.8.8.##...# #.#....
#...........#)..# #r#....
+..........))o..# #.#####
#.........S.#...# #..#...
##.8.8.8.8.##...# ####.##
##.#...#s##....#######.#.
##.....###..........#.#.
##...##.#........#.....
###
##'###...)......##.### #
..# #)# ##.#'#..o.###.# #
#..#.####)# #.#.#....#
#.# #.......#
#.#.#....###.###
#g.##.####
#.#.#..........[ #.#
#...#....##.....


You could see an orc priest and a friendly ball python.

Vanquished Creatures
  Grinder (D:5)
  Eustachio (D:4)
  An orc warrior (D:5)
  Blork the orc (D:4)
  A giant frog (D:4)
  A wight (D:5)
  A giant frog zombie (D:5)
  4 crimson imps (D:5)
  2 hounds (D:4)
  An orc priest (D:5)
  2 giant frog skeletons (D:5)
  4 iguanas (D:4)
  A jelly (D:5)
  2 orc wizards
  Natasha (twice) (D:2)
  A worker ant (D:3)
  A hound skeleton (D:4)
  4 gnolls (D:5)
  5 adders
  3 worms
  A giant gecko (D:1)
  19 orcs
  6 giant cockroaches
  13 goblins
  3 hobgoblins
  3 jackals (D:4)
  9 kobolds
  2 quokkas
  6 bats
  6 giant newts
  A quokka skeleton (D:4)
  15 rats
123 creatures vanquished.

Notes
Turn   | Place    | Note
--------------------------------------------------------------
     0 | D:1      | HungrySpirit the Draconian Transmuter began the quest for the Orb.
     0 | D:1      | Reached XP level 1. HP: 16/16 MP: 3/3
   242 | D:1      | Reached XP level 2. HP: 23/23 MP: 5/5
   708 | D:1      | Learned a level 2 spell: Sticks to Snakes
   950 | D:2      | Found a radiant altar of Vehumet.
  1102 | D:2      | Noticed Natasha
  1114 | D:2      | Killed Natasha
  1114 | D:2      | Reached XP level 3. HP: 14/28 MP: 3/6
  1616 | D:2      | Reached XP level 4. HP: 30/35 MP: 7/7
  1702 | D:2      | Noticed Natasha
  1707 | D:2      | Killed Natasha
  1746 | D:3      | Reached skill level 4 in Unarmed Combat
  2146 | D:3      | Found an opulent altar of Gozag.
  2358 | D:3      | Reached XP level 5. HP: 40/40 MP: 8/8
  3061 | D:3      | Learned a level 3 spell: Spider Form
  3089 | D:3      | Found a faded altar to an unknown god.
  3624 | D:4      | Noticed Blork the orc
  3636 | D:4      | Killed Blork the orc
  3636 | D:4      | Reached skill level 5 in Unarmed Combat
  3636 | D:4      | Reached XP level 6. HP: 42/47 MP: 3/10
  3752 | D:4      | Learned a level 4 spell: Ice Form
  3886 | D:4      | Found a sparkling altar of Nemelex Xobeh.
  4194 | D:4      | Found a sacrificial altar of Ru.
  4354 | D:4      | Reached skill level 5 in Transmutations
  4354 | D:4      | Your scales start taking on a glossy black colour.
  4354 | D:4      | Gained mutation: You are resistant to electric shocks. [Black Draconian growth]
  4354 | D:4      | Reached XP level 7. HP: 42/52 MP: 10/12
  4869 | D:5      | Entered Level 5 of the Dungeon
  4902 | D:5      | Found a shattered altar of Ashenzari.
  4965 | D:5      | Found a shimmering altar of Xom.
  5030 | D:5      | Found a bloodstained altar of Trog.
  5054 | D:5      | Noticed Eustachio
  5115 | D:5      | Reached skill level 6 in Unarmed Combat
  5115 | D:5      | Reached skill level 1 in Ice Magic
  5226 | D:4      | Killed Eustachio
  5459 | D:5      | Noticed Grinder
  5493 | D:5      | Killed Grinder
  5493 | D:5      | Reached XP level 8. HP: 46/59 MP: 3/14
  5529 | D:5      | Learned a level 5 spell: Blade Hands
  6173 | D:5      | Reached skill level 7 in Unarmed Combat
  6176 | D:5      | Killed from afar by an orc priest

Action                   |  1- 3 |  4- 6 |  7- 9 || total
-------------------------+-------+-------+-------++-------
Melee: Unarmed           |   144 |   310 |   161 ||   615
 Cast: Beastly Appendage |    12 |    25 |    10 ||    47
       Sticks to Snakes  |       |     4 |     7 ||    11
       Spider Form       |       |     3 |     9 ||    12
 Abil: Breathe Lightning |       |       |     3 ||     3
  Use: Potion            |       |       |     3 ||     3
 Stab: Sleeping          |     2 |       |     1 ||     3
       Distracted        |       |     1 |     1 ||     2
  Eat: Chunk             |     3 |     9 |     7 ||    19
       Beef jerky        |       |       |     1 ||     1
